 Dungeon Crawl Stone Soup version 0.21-a0-26-g7b23a2f (webtiles) character file.

293 tof the Poker (level 6, 0/47 HPs)
             Began as a Merfolk Gladiator on May 25, 2017.
             Killed from afar by an orc wizard (11 damage)
             ... with a puff of flame
             ... on level 3 of the Dungeon.
             The game lasted 00:06:53 (2619 turns).

tof the Poker (Merfolk Gladiator)                   Turns: 2619, Time: 00:06:53

Health: 0/47       AC:  5    Str: 15    XL:     6   Next: 33%
Magic:  6/6        EV: 15    Int:  7    God:
Gold:   112        SH:  2    Dex: 17    Spells: 5/5 levels left

rFire    . . .     SeeInvis .   a - +1 trident
rCold    . . .     Gourm    .   (no shield)
rNeg     + . .     Faith    .   b - +0 leather armour
rPois    .         Spirit   .   c - +0 helmet
rElec    .         Reflect  +   (no cloak)
rCorr    .         Harm     .   (no gloves)
MR       .....                  q - +0 pair of boots
Stlth    ..........             r - +2 amulet of reflection
Regen    0.2/turn               j - ring of positive energy
MPRegen  0.1/turn               t - ring of loudness (curse)

@: no status effects
A: change form in water, swift swim, stealthy swim
a: no special abilities


You were on level 3 of the Dungeon.
You were not hungry.

You visited 1 branch of the dungeon, and saw 3 of its levels.

You collected 112 gold pieces.

Inventory:

Hand Weapons
 a - a +1 trident (weapon)
Missiles
 d - 4 throwing nets (quivered)
 g - 11 tomahawks
Armour
 b - a +0 leather armour (worn)
 c - a +0 helmet (worn)
 q - a +0 pair of boots (worn)
Jewellery
 j - a ring of positive energy (left hand)
 r - a +2 amulet of reflection (around neck)
 t - a cursed ring of loudness (right hand)
Scrolls
 h - a scroll of magic mapping
 n - 2 scrolls of identify
 s - a scroll of teleportation
Potions
 e - a potion of mutation {unknown}
 k - 2 potions of brilliance {unknown}
 l - a potion of flight {unknown}
 m - a potion of haste {unknown}
 o - a potion of degeneration {unknown}
 p - a potion of heal wounds {unknown}
 u - 2 potions of invisibility
 v - a potion of berserk rage {unknown}
Comestibles
 f - 2 bread rations
 i - 6 chunks of flesh


   Skills:
 + Level 3.5 Fighting
 * Level 7.5 Polearms
 + Level 3.0 Throwing
 + Level 5.4 Dodging
 - Level 0.2 Stealth


You had 5 spell levels left.
You didn't know any spells.

Dungeon Overview and Level Annotations

Branches:
Dungeon (3/15)

Altars:
Fedhas
Qazlal

Annotations:
D:3 Robin


Message History

* * * LOW HITPOINT WARNING * * *
You're too confused to move!
Something hits you but does no damage.
You closely miss something. Something hits you but does no damage.
You miss something.
You feel less confused. Something hits you but does no damage.
You miss something.
You hear some strange, mumbled words.
Something tries to affect you, but you resist.
The orc shouts!
You miss something.
You hear some strange, mumbled words.
A puff of flame appears from out of thin air!
The puff of flame hits you!
* * * LOW HITPOINT WARNING * * *
You completely miss something.
You hear some strange, mumbled words.
A puff of flame appears from out of thin air!
The puff of flame hits you!
You die...

..... #<...# #....# #......
.....# #....## #....# #.####.
.....#.###.....# #....###.####.
..............># #..o..........
...............# ##...#..#รท##.##
.#.............# #..........)...
...............####.#.....#.##.##
.#####...........##.#.#........##
.# .........#..@{o(#.#...#.##.##
.# ......#...(.####.#...#......
.# .#####..#.#.### #...#.(..## .#
..........#.# #..<#.##.#
.#######.#.#.#.# #..#..##.#
.............#.# #..#..##.#
.###.###.#.#.#.# #.....##.# ...
#.#.#.#.# ##.#..##.## ...
#.#.#.#.# #.........


You could see an orc.

Vanquished Creatures
  A necrophage (D:3)
  A hound (D:3)
  2 orc wizards (D:3)
  Terence (D:3)
  2 adders
  An ooze (D:1)
  A worm (D:2)
  A dart slug (D:1)
  6 orcs (D:3)
  6 bats
  2 giant cockroaches (D:2)
  11 goblins
  6 hobgoblins
  10 jackals
  5 kobolds
  2 quokkas (D:2)
  2 ball pythons
  4 frilled lizards
  4 rats
68 creatures vanquished.

Notes
Turn   | Place    | Note
-------+----------+-------------------------------------------
     0 | D:1      | tof the Merfolk Gladiator began the quest for the Orb.
     0 | D:1      | Reached XP level 1. HP: 16/16 MP: 1/1
   141 | D:1      | Reached XP level 2. HP: 21/23 MP: 2/2
   252 | D:1      | Reached skill level 5 in Polearms
   375 | D:1      | Reached XP level 3. HP: 28/28 MP: 3/3
   727 | D:2      | Found a blossoming altar of Fedhas.
   941 | D:2      | Found a stormy altar of Qazlal.
  1194 | D:2      | Reached XP level 4. HP: 17/34 MP: 4/4
  1459 | D:2      | Reached skill level 6 in Polearms
  1802 | D:3      | Noticed Robin
  2271 | D:3      | Noticed Terence
  2277 | D:3      | Killed Terence
  2277 | D:3      | Reached XP level 5. HP: 33/41 MP: 5/5
  2327 | D:3      | Reached skill level 5 in Dodging
  2485 | D:3      | Noticed a necrophage
  2520 | D:3      | Reached skill level 7 in Polearms
  2531 | D:3      | Killed a necrophage
  2531 | D:3      | Reached XP level 6. HP: 19/47 MP: 6/6
  2619 | D:3      | Killed from afar by an orc wizard

Vault maps used:
D:1:      dpeg_arrival_pond
D:2:      lemuel_coloured_pillars_altar, fedhas_altar_2
D:3:      grunt_decor_mini_mirrors, nicolae_qazlal_style_of_elements,
          uniq_terence, uniq_robin

Skill      XL: |  1  2  3  4  5 |
---------------+----------------+-----
Polearms       | 5 6 7 |  7.5
Fighting       | 3 |  3.5
Dodging        | 5 |  5.4
Throwing       | 3 |  3.0
Stealth        | |  0.2

Action                   |  1- 3 |  4- 6 || total
-------------------------+-------+-------++-------
Melee: Trident           |    71 |   160 ||   231
  Use: Scroll            |     5 |     2 ||     7
 Stab: Distracted        |     1 |       ||     1
       Sleeping          |     2 |       ||     2
  Eat: Chunk             |     1 |     5 ||     6
Armor: Leather armour    |    13 |    36 ||    49
Dodge: Dodged            |    38 |    98 ||   136
Block: Other             |     4 |     8 ||    12
       Reflection        |     2 |       ||     2
